Map: Tours du crépuscule

Players

Asqi - Winner!

  • Race: Protoss Protoss
  • League: Silver
  • Spawn Location: 7:00

zidar

  • Race: Zerg Zerg
  • League: Silver
  • Spawn Location: 1:00

VOD

Have the link to the VOD?

Description

Time

  • Played on: Nov. 29, 2015, 12:05 p.m.
  • Length: 16:33
Show
View Real Time Build Order
Export as new Build Order

Asqi Protoss - Winner!

Build Orders: Carriers 

Get SALT Encoding   

  12  0:01  Probe (Chrono Boost)  
  13  0:12  Probe (Chrono Boost)  
  14  0:25  Pylon  
  14  0:35  Probe (Chrono Boost)  
  15  0:45  Probe (Chrono Boost)  
  15  0:46  Gateway  
  16  0:52  Assimilator  
  16  0:56  Probe (Chrono Boost)  
  17  1:06  Probe (Chrono Boost)  
  18  1:17  Probe (Chrono Boost)  
  19  1:27  Probe (Chrono Boost)  
  20  1:35  Cybernetics Core  
  20  1:41  Pylon  
  20  2:15  Zealot (Chrono Boost)  
  20  2:20  Mothership Core  
  24  2:32  Nexus  
  23  2:39  Pylon  
  23  2:45  Robotics Facility  
  23  2:48  Gateway  
  23  2:49  Gateway  
  23  2:53  Assimilator  
  23  2:55  Probe  
  24  3:02  Adept (Chrono Boost)  
  26  3:06  Warp Gate (Chrono Boost)  
  26  3:08  Probe  
  27  3:20  Probe  
  28  3:32  Probe  
  29  3:34  Warp Prism (Chrono Boost)  
  31  3:42  Pylon  
  31  3:44  Pylon  
  31  3:48  Adept  
  33  3:50  Adept  
  33  3:52  Probe  
  36  3:56  Probe  
  37  4:03  Probe  
  37  4:08  Probe  
  39  4:27  Probe  
  39  4:30  Probe  
  41  4:37  Probe  
  41  4:42  Probe  
  43  5:01  Probe  
  43  5:04  Probe  
  45  5:11  Probe  
  46  5:16  Probe  
  46  5:20  Adept  
  46  5:21  Adept x2  
  51  5:22  Probe  
  54  5:28  Probe  
  43  5:45  Robotics Bay  
  43  5:51  Gateway  
  43  5:53  Gateway  
  43  5:55  Gateway  
  43  5:58  Assimilator  
  43  6:02  Assimilator  
  43  6:05  Stalker x3  
  53  6:11  Immortal (Chrono Boost)  
  53  6:21  Forge  
  53  6:39  Adept x3  
  53  6:53  Adept x3  
  59  6:57  Immortal (Chrono Boost)  
  63  7:10  Pylon  
  63  7:13  Pylon  
  63  7:16  Pylon  
  63  7:26  Stargate  
  63  7:31  Disruptor (Chrono Boost)  
  63  7:32  Probe  
  63  7:35  Probe  
  68  7:42  Stargate  
  68  7:44  Probe  
  68  7:47  Probe  
  70  7:55  Protoss Ground Weapons Level 1  
  70  7:56  Probe  
  71  7:59  Probe  
  71  8:02  Disruptor (Chrono Boost)  
  75  8:07  Nexus  
  75  8:11  Pylon  
  75  8:13  Pylon  
  75  8:21  Stalker  
  75  8:22  Stalker x2  
  81  8:29  Adept  
  81  8:30  Adept x2  
  87  8:37  Immortal (Chrono Boost)  
  91  9:00  Pylon  
  91  9:06  Photon Cannon  
  91  9:08  Photon Cannon  
  91  9:11  Photon Cannon, Stalker  
  91  9:12  Stalker x5  
  103  9:26  Assimilator  
  103  9:32  Assimilator  
  103  9:45  Fleet Beacon  
  103  9:50  Stalker x3  
  103  9:51  Stalker x2  
  103  9:52  Stalker  
  115  10:02  Colossus (Chrono Boost)  
  121  10:19  Probe  
  122  10:25  Probe  
  123  10:29  Probe  
  123  10:30  Pylon  
  123  10:33  Pylon  
  124  10:37  Probe, Pylon  
  124  10:40  Probe  
  124  10:41  Pylon  
  126  10:44  Adept  
  126  10:45  Adept x2  
  126  10:49  Probe  
  127  11:05  Phoenix x2 (Chrono Boost)  
  131  11:12  Anion Pulse-Crystals  
  131  11:28  Phoenix x2 (Chrono Boost)  
  135  11:39  Colossus  
  141  11:50  Phoenix x2 (Chrono Boost)  
  145  11:56  Protoss Shields Level 1  
  145  12:02  Twilight Council  
  149  12:30  Pylon  
  149  12:31  Pylon  
  149  12:34  Pylon  
  157  12:55  Carrier x2 (Chrono Boost)  
  157  13:39  Extended Thermal Lance  
  157  13:41  Mothership, Graviton Catapult  
  157  13:47  Adept x3  
  157  13:48  Adept x3  
  181  13:57  Protoss Ground Weapons Level 2  
  181  14:09  Carrier x2 (Chrono Boost)  
  181  14:20  Nexus  
  181  14:22  Assimilator  
  181  14:26  Assimilator  
  187  14:32  Pylon  
  187  14:33  Pylon  
  187  14:36  Pylon  
  187  14:39  Pylon  
  191  15:24  Carrier x2 (Chrono Boost)  
Show
View Real Time Build Order
Export as new Build Order

zidar Zerg 

Build Orders: Hatch First 

Get SALT Encoding   

  12  0:02  Drone  
  13  0:13  Overlord  
  13  0:17  Drone  
  14  0:32  Drone x2  
  16  0:39  Drone  
  17  0:59  Drone  
  17  1:02  Hatchery  
  17  1:05  Extractor  
  16  1:14  Spawning Pool  
  15  1:22  Drone  
  16  1:36  Drone  
  16  1:38  Drone  
  16  1:39  Drone  
  19  1:48  Overlord  
  19  2:00  Queen  
  21  2:04  Zergling x2  
  22  2:15  Drone  
  22  2:21  Overlord  
  22  2:35  Zergling x2  
  23  2:39  Metabolic Boost  
  23  2:59  Queen  
  23  3:02  Queen  
  27  3:10  Roach Warren  
  26  3:13  Extractor  
  25  3:20  Drone x2  
  25  3:21  Drone x5  
  25  3:25  Drone  
  33  3:28  Drone  
  34  3:56  Zergling x14  
  41  4:19  Overlord  
  41  4:20  Overlord  
  41  4:40  Roach  
  41  4:41  Roach x4  
  41  4:44  Overlord x2  
  51  4:48  Overlord  
  51  5:09  Roach  
  51  5:10  Roach x6  
  61  5:52  Ravager x2  
  61  5:53  Ravager x2  
  65  5:58  Lair  
  65  6:27  Roach  
  65  6:28  Roach x4  
  75  6:32  Overlord  
  75  6:33  Overlord x2  
  75  6:35  Overlord  
  75  7:01  Spire  
  75  7:07  Drone x11  
  75  7:08  Drone  
  86  7:24  Hatchery  
  85  7:50  Hatchery  
  85  7:51  Extractor  
  83  7:52  Extractor  
  82  8:14  Roach  
  82  8:17  Mutalisk  
  82  8:18  Mutalisk  
  82  8:19  Mutalisk x2  
  92  8:20  Mutalisk  
  92  8:26  Roach x2  
  98  8:27  Zergling x2  
  98  8:28  Zergling x16  
  107  8:37  Evolution Chamber  
  106  8:41  Queen, Evolution Chamber  
  107  9:10  Zerg Missile Weapons Level 1, Hydralisk Den  
  106  9:57  Roach  
  106  9:58  Roach x6  
  120  10:02  Overlord x4  
  120  10:03  Overlord  
  120  10:27  Drone x2  
  120  10:28  Drone x3  
  125  10:33  Drone  
  125  10:34  Drone x12  
  138  11:27  Zerg Ground Armor Level 1  
  138  11:28  Zerg Missile Weapons Level 2  
  138  11:33  Muscular Augments  
  138  11:35  Glial Reconstitution  
  138  11:49  Extractor  
  138  11:52  Extractor, Drone x5  
  141  12:16  Hydralisk x4  
  141  12:17  Hydralisk x4  
  141  12:18  Hydralisk  
  145  13:32  Hydralisk x3  
  151  13:48  Overlord  
  151  13:49  Overlord x4  
  151  13:50  Overlord x2  
  151  14:10  Zerg Ground Armor Level 2  
  151  14:15  Infestation Pit  
  150  14:36  Hydralisk x12  
  150  14:37  Hydralisk x13  
  195  15:34  Hydralisk  
  195  15:35  Hydralisk x6  
  196  15:59  Ravager  
  196  16:00  Ravager  
Tags
 
Add a new tag
Caveats
  • Supply blocks, unpowered buildings, or Contaminate may cause inaccurate times.
  • Supply counts are checked every 10 seconds.